 Dungeon Crawl Stone Soup version 0.30-a0-4-ga7cffc901d (webtiles) character file.

Game seed: 369906577796964080

50 voltaire321 the Poker (level 3, -6/28 HPs)
             Began as a Merfolk Gladiator on Aug 21, 2022.
             Mangled by an orc
             ... wielding a +0 war axe
              (7 damage)
             ... on level 2 of the Dungeon.
             The game lasted 00:02:42 (2132 turns).

voltaire321 the Poker (Merfolk Gladiator)           Turns: 2132, Time: 00:02:43

Health: -6/28      AC:  4    Str: 14    XL:     3   Next: 79%
Magic:  3/3        EV: 13    Int:  7    God:
Gold:   89         SH:  0    Dex: 17    Spells: 2/2 levels left

rFire   . . .      SeeInvis .    a - +0 trident
rCold   . . .      Faith    .    (no shield)
rNeg    . . .      Spirit   .    b - +0 leather armour
rPois   .          Reflect  .    c - +0 helmet
rElec   .          Harm     .    (no cloak)
rCorr   .          Rampage  .    (no gloves)
Will    .....                    (no boots)
Stlth   +.........               (no amulet)
HPRegen 0.09/turn                (no ring)
MPRegen 0.08/turn                (no ring)

@: no status effects
A: (nimble swimmer 2), mertail
a: no special abilities


You were on level 2 of the Dungeon.
You visited 1 branch of the dungeon, and saw 2 of its levels.

You collected 89 gold pieces.

Inventory:

Hand Weapons
 a - a +0 trident (weapon)
Missiles
 d - 3 throwing nets (quivered)
 e - a javelin
 m - 6 poisoned darts
Armour
 b - a +0 leather armour (worn)
 c - a +0 helmet (worn)
Scrolls
 f - a scroll of blinking {unknown}
 h - 2 scrolls of enchant weapon {unknown}
 k - a scroll of fear {unknown}
 n - a scroll of amnesia {unknown}
Potions
 g - 2 potions of lignification {unknown}
 i - a potion of haste {unknown}
 j - 2 potions of curing {unknown}
 l - a potion of mutation {unknown}


   Skills:
 + Level 2.7 Fighting
 + Level 4.5 Polearms
 + Level 2.4 Throwing
 + Level 0.8 Armour
 + Level 4.5 Dodging


You had 2 spell levels left.
You didn't know any spells.
Your spell library contained the following spells:

 Spells                   Type           Power      Damage    Failure   Level
 Sublimation of Blood     Necr           0%         N/A       65%         2
 Wereblood                Tmut           0%         N/A       65%         2
 Summon Hydra             Summ           0%         N/A       100%        7


Dungeon Overview and Level Annotations

Branches:
Dungeon (2/15)

Altars:


Innate Abilities, Weirdness & Mutations

((You are very nimble when in or above water. (Stealth+, EV+, Speed+++)))
Your lower body shifts to a powerful aquatic tail in water.


Message History

There is a stone staircase leading up, spattered with blood here.
You start resting.
HP restored.
Items here: )) ÷÷÷.
n - a scroll labelled FEBONTOTSA You now have 89 gold pieces (gained 8).
An endoplasm and a bat come into view.
The bat moves out of view.
The bat hits you but does no damage.
You see here a scroll labelled KUIDEI QAFEA.
You puncture the bat!
You kill the bat!
The endoplasm quivers.
h - 2 scrolls labelled KUIDEI QAFEA (gained 1)
An endoplasm is nearby!
The endoplasm hits you but does no damage.
You puncture the endoplasm!
You kill the endoplasm!
Found a dagger.
An orc comes into view. It is wielding a +0 war axe.
An orc comes into view.
It is wielding a +0 dagger. 2 orcs come into view.
The orc shouts! x2
You barely miss the orc. The orc hits you with a +0 war axe!
You closely miss the orc. The orc barely misses you.
You barely miss the orc. The orc hits you with a +0 war axe!
The orc attacks as you move away! The orc hits you with a +0 dagger.
The orc attacks as you move away! The orc barely misses you.
The orc attacks as you move away! The orc hits you with a +0 dagger.
* * * LOW HITPOINT WARNING * * *
The orc closely misses you. The orc attacks as you move away!
The orc hits you with a +0 war axe.
* * * LOW HITPOINT WARNING * * *
The orc attacks as you move away! The orc hits you with a +0 dagger.
* * * LOW HITPOINT WARNING * * *
The orc attacks as you move away! The orc closely misses you.
The orc attacks as you move away! The orc hits you with a +0 dagger.
* * * LOW HITPOINT WARNING * * *
The orc attacks as you move away! The orc hits you with a +0 war axe!
You die...

######........)......
................#...
####..#o............
#.o##.........#. #o.
#..........#
.......##..#..### #
########oo###..#####.#
##o## ##...#...# ##
#@.# #####†...# ..##.
#.####.....##...#
#..#. #.# #..#####
#..# #...# #.###.## ..
... ####.##..#
#.####....#..##
###...........##
##........######
#..##..####


You could see 3 orcs.

Vanquished Creatures
  2 adders (D:2)
  2 dart slugs
  5 ball pythons (D:1)
  4 bats
  2 endoplasms
  A giant cockroach (D:1)
  A hobgoblin (D:1)
  3 jackals (D:1)
  A quokka (D:2)
  A frilled lizard (D:1)
  3 kobolds
  3 rats (D:1)
28 creatures vanquished.

Notes
Turn   | Place    | Note
-------+----------+-------------------------------------------
     0 | D:1      | voltaire321 the Merfolk Gladiator began the quest for the
                  | Orb.
     0 | D:1      | Reached XP level 1. HP: 16/16 MP: 1/1
   160 | D:1      | Found a faded altar of an unknown god.
   323 | D:1      | Reached XP level 2. HP: 8/23 MP: 2/2
  1391 | D:2      | Reached XP level 3. HP: 7/28 MP: 3/3
  2131 | D:2      | HP: 1/28 [orc/+0 dagger (2)]
  2132 | D:2      | Mangled by an orc

Illustrated notes

Levels and vault maps discovered:
D:1:      dpeg_arrival_boxes_within_box, layout_loops_ring,
          shapermc_ecumenical_altar_ellora
D:2:      layout_rooms

Action                   || total
-------------------------++-------
Melee: Trident           ||   113
Armor: Leather armour    ||    33
Dodge: Dodged            ||   104

Table legend: (Time is in decaauts)
 A = Elapsed time spent in this place.
 B = Non-inter-level travel time spent in this place.
 C = Inter-level travel time spent in this place.
 D = Time resting spent in this place.
 E = Time spent auto-exploring this place.
 F = Levels seen in this place.
 G = Mean time per level.
                   A        B        C        D        E       F      G
               +--------+--------+--------+--------+--------+-----+--------+
         Total |   2143 |   2088 |     55 |    756 |   1008 |   2 | 1071.5 |
       Dungeon |   2143 |   2088 |     55 |    756 |   1008 |   2 | 1071.5 |
               +--------+--------+--------+--------+--------+-----+--------+

Top non-repeatable levels by time:
     D:1: 1665 daAuts
     D:2: 478 daAuts
